SAA
LANNISTER UNITED LIONHEARTS @ HUNTINGTON BEACH SURF
08/14/2019
 
TOP OF THE 1ST
Lannister United Lionhearts batting - Pitching for Huntington Beach Surf : RHP Ricardo DePay
Pitching: RHP Ricardo DePay
Batting: LHB António Rivera 0-0: Ball
1-0: Foul Ball, location: 2F
1-1: Foul Ball, location: 2F
1-2: Strikes out swinging
Batting: RHB Jeffery Campbell 0-0: Called Strike
0-1: Ball
1-1: Swinging Strike
1-2: Ball
2-2: Ground out 6-3 (Groundball, 6)
Batting: RHB Eric D'Angle 0-0: SINGLE (Line Drive, 9LS)
Batting: RHB Bob Sargent 0-0: Ball
1-0: Foul Ball, location: 2F
1-1: Ball
2-1: Foul Ball, location: 2F
2-2: Ball
3-2: Ground out 5-3 (Groundball, 56)
Top of the 1st over - 0 run(s), 1 hit(s), 0 error(s), 1 left on base; Lannister United 0 - Huntington Beach 0
BOTTOM OF THE 1ST
Huntington Beach Surf batting - Pitching for Lannister United Lionhearts : LHP Félix Rodríguez
Pitching: LHP Félix Rodríguez
Batting: RHB Austin Henderson 0-0: Ball
1-0: SINGLE (Line Drive, 89M)
Batting: RHB Henry Appleby 0-0: Ball
1-0: Foul Ball, location: 2F
1-1: Foul Ball, location: 2F
1-2: Fly out, F7 (Flyball, 78M)
Batting: LHB Bartolo Benítez 0-0: Called Strike
0-1: Called Strike
0-2: Foul Ball, location: 2F
0-2: Foul Ball, location: 2F
0-2: Strikes out looking
Batting: RHB Rafael Abreu 0-0: Foul Ball, location: 2F
0-1: Ball
1-1: Foul Ball, location: 2F
1-2: Fly out, F6 (Popup, 15)
Bottom of the 1st over - 0 run(s), 1 hit(s), 0 error(s), 1 left on base; Lannister United 0 - Huntington Beach 0
TOP OF THE 2ND
Lannister United Lionhearts batting - Pitching for Huntington Beach Surf : RHP Ricardo DePay
Batting: RHB Andrew Weeks 0-0: Foul Ball, location: 2F
0-1: Called Strike
0-2: Ground out 1-3 (Groundball, 23)
Batting: RHB Jean Chamissa 0-0: Swinging Strike
0-1: Ball
1-1: SINGLE (Groundball, 56D)
Batting: RHB Chris Hopkins 0-0: Swinging Strike
0-1: Called Strike
0-2: Ball
1-2: Strikes out looking
Jean Chamissa steals 2nd base
Batter strikes out.
Batting: RHB Jonathan Widdop 0-0: Foul Ball, location: 2F
0-1: Called Strike
0-2: Strikes out swinging
Top of the 2nd over - 0 run(s), 1 hit(s), 0 error(s), 1 left on base; Lannister United 0 - Huntington Beach 0
BOTTOM OF THE 2ND
Huntington Beach Surf batting - Pitching for Lannister United Lionhearts : LHP Félix Rodríguez
Batting: RHB Mike Burns 0-0: Called Strike
0-1: Swinging Strike
0-2: Ball
1-2: Ball
2-2: Foul Ball, location: 2F
2-2: Ground out 6-3 (Groundball, 6)
Batting: RHB Dave Young 0-0: Ball
1-0: Ball
2-0: Foul Ball, location: 2F
2-1: Ball
3-1: Called Strike
3-2: Base on Balls
Batting: RHB Francisco Torres 0-0: Ball
1-0: Ball
2-0: Called Strike
2-1: Grounds into double play, 6-4-3 (Groundball, 6)
Bottom of the 2nd over - 0 run(s), 0 hit(s), 0 error(s), 0 left on base; Lannister United 0 - Huntington Beach 0
TOP OF THE 3RD
Lannister United Lionhearts batting - Pitching for Huntington Beach Surf : RHP Ricardo DePay
Batting: RHB Thomas Vaughan 0-0: Ball
1-0: Ball
2-0: Ball
3-0: Base on Balls
Batting: LHB António Rivera 0-0: Ball
1-0: Swinging Strike
1-1: SINGLE (Line Drive, 7LS)
Thomas Vaughan to second
Batting: RHB Jeffery Campbell 0-0: Ball
1-0: Foul Ball, location: 2F
1-1: Foul Ball, location: 2F
1-2: Grounds into double play, 5-4-3 (Groundball, 56)
Thomas Vaughan to third
Batting: RHB Eric D'Angle 0-0: Called Strike
0-1: Ball
1-1: Ball
2-1: Ball
3-1: Foul Ball, location: 2F
3-2: Base on Balls
Batting: RHB Bob Sargent 0-0: Ball
1-0: Ball
2-0: Called Strike
2-1: Called Strike
2-2: Ball
3-2: Foul Ball, location: 2F
3-2: Base on Balls
Eric D'Angle to second
Batting: RHB Andrew Weeks 0-0: Ball
1-0: SINGLE (Groundball, 6D)
Thomas Vaughan scores
Eric D'Angle to third
Bob Sargent to second
Runner from 3rd tries for Home, SAFE, no throw or cutoff
Batting: RHB Jean Chamissa 0-0: Foul Ball, location: 2F
0-1: Foul Ball, location: 2F
0-2: Strikes out swinging
Top of the 3rd over - 2 run(s), 2 hit(s), 0 error(s), 2 left on base; Lannister United 2 - Huntington Beach 0
BOTTOM OF THE 3RD
Huntington Beach Surf batting - Pitching for Lannister United Lionhearts : LHP Félix Rodríguez
Batting: RHB Juan García 0-0: Ball
1-0: Fly out, F7 (Flyball, 78M)
Batting: RHB Albert Morales 0-0: Ball
1-0: Ball
2-0: Swinging Strike
2-1: Foul Ball, location: 2F
2-2: Fly out, F3 (Popup, 13)
Batting: RHB Austin Henderson 0-0: Swinging Strike
0-1: Foul Ball, location: 2F
0-2: Foul Ball, location: 2F
0-2: DOUBLE (Line Drive, 7LS)
Batting: RHB Henry Appleby 0-0: SINGLE (Line Drive, 6MD)
Austin Henderson to third
Runner from 3rd tries for Home, SAFE, no throw or cutoff
Batting: LHB Bartolo Benítez 0-0: Called Strike
0-1: Fly out, F9 (Flyball, 9D)
Bottom of the 3rd over - 1 run(s), 2 hit(s), 0 error(s), 1 left on base; Lannister United 2 - Huntington Beach 1
TOP OF THE 4TH
Lannister United Lionhearts batting - Pitching for Huntington Beach Surf : RHP Ricardo DePay
Batting: RHB Chris Hopkins 0-0: Called Strike
0-1: Ground out 5-3 (Groundball, 56)
Batting: RHB Jonathan Widdop 0-0: Ball
1-0: Called Strike
1-1: Ground out 4-3 (Groundball, 4M)
Batting: RHB Thomas Vaughan 0-0: Ball
1-0: Called Strike
1-1: Ball
2-1: Foul Ball, location: 2F
2-2: Foul Ball, location: 2F
2-2: Ball
3-2: Base on Balls
Batting: LHB António Rivera 0-0: Ball
1-0: Called Strike
1-1: SINGLE (Line Drive, 78S)
Thomas Vaughan to second
Batting: RHB Jeffery Campbell 0-0: Ball
1-0: Swinging Strike
1-1: Called Strike
1-2: Ball
2-2: Strikes out swinging
Top of the 4th over - 0 run(s), 1 hit(s), 0 error(s), 2 left on base; Lannister United 2 - Huntington Beach 1
BOTTOM OF THE 4TH
Huntington Beach Surf batting - Pitching for Lannister United Lionhearts : LHP Félix Rodríguez
Batting: RHB Rafael Abreu 0-0: Foul Ball, location: 2F
0-1: Ball
1-1: Fly out, F7 (Flyball, 7S)
Batting: RHB Mike Burns 0-0: Called Strike
0-1: Ball
1-1: Ball
2-1: Ball
3-1: Base on Balls
Batting: RHB Dave Young 0-0: Ball
1-0: Called Strike
1-1: Ball
2-1: Ball
3-1: Called Strike
3-2: Foul Ball, location: 2F
3-2: Strikes out looking
Batting: RHB Francisco Torres 0-0: Ball
1-0: Ball
2-0: Called Strike
2-1: Called Strike
2-2: Ball
3-2: Strikes out looking
Bottom of the 4th over - 0 run(s), 0 hit(s), 0 error(s), 1 left on base; Lannister United 2 - Huntington Beach 1
TOP OF THE 5TH
Lannister United Lionhearts batting - Pitching for Huntington Beach Surf : RHP Ricardo DePay
Batting: RHB Eric D'Angle 0-0: Fly out, F8 (Flyball, 8LM)
Batting: RHB Bob Sargent 0-0: DOUBLE (Line Drive, 78XD)
Pitching: RHP Orlando Miranda
Batting: RHB Andrew Weeks 0-0: Ball
1-0: Called Strike
1-1: Ball
2-1: Foul Ball, location: 2F
2-2: Strikes out swinging
Batting: RHB Jean Chamissa 0-0: Ball
1-0: Ball
2-0: Foul Ball, location: 2F
2-1: Foul Ball, location: 2F
2-2: Foul Ball, location: 2F
2-2: Strikes out swinging
Top of the 5th over - 0 run(s), 1 hit(s), 0 error(s), 1 left on base; Lannister United 2 - Huntington Beach 1
BOTTOM OF THE 5TH
Huntington Beach Surf batting - Pitching for Lannister United Lionhearts : LHP Félix Rodríguez
Batting: RHB Juan García 0-0: Foul Ball, location: 2F
0-1: Ball
1-1: Ball
2-1: Foul Ball, location: 2F
2-2: Ball
3-2: Strikes out swinging
Batting: RHB Albert Morales 0-0: Foul Ball, location: 2F
0-1: Ball
1-1: Foul Ball, location: 2F
1-2: Foul Ball, location: 2F
1-2: Strikes out looking
Batting: RHB Austin Henderson 0-0: Called Strike
0-1: Ball
1-1: SOLO HOME RUN (Flyball, 7D), Distance : 379 ft
Batting: RHB Henry Appleby 0-0: Hit by Pitch
Batting: LHB Bartolo Benítez 0-0: Ball
1-0: Ball
2-0: Called Strike
2-1: Swinging Strike
2-2: Foul Ball, location: 2F
2-2: Ball
3-2: Foul Ball, location: 2F
3-2: Strikes out swinging
Bottom of the 5th over - 1 run(s), 1 hit(s), 0 error(s), 1 left on base; Lannister United 2 - Huntington Beach 2
TOP OF THE 6TH
Lannister United Lionhearts batting - Pitching for Huntington Beach Surf : RHP Orlando Miranda
Batting: RHB Chris Hopkins 0-0: Ball
1-0: Called Strike
1-1: Foul Ball, location: 2F
1-2: Strikes out swinging
Batting: RHB Jonathan Widdop 0-0: Called Strike
0-1: Ball
1-1: Called Strike
1-2: Ball
2-2: Foul Ball, location: 2F
2-2: Ball
3-2: Base on Balls
Batting: RHB Thomas Vaughan 0-0: SINGLE (Groundball, 56D)
Jonathan Widdop to second
Batting: LHB António Rivera 0-0: Ball
1-0: Foul Ball, location: 2F
1-1: Grounds into double play, 6-4-3 (Groundball, 6M)
Top of the 6th over - 0 run(s), 1 hit(s), 0 error(s), 1 left on base; Lannister United 2 - Huntington Beach 2
BOTTOM OF THE 6TH
Huntington Beach Surf batting - Pitching for Lannister United Lionhearts : LHP Félix Rodríguez
Batting: RHB Rafael Abreu 0-0: Called Strike
0-1: Ball
1-1: Ball
2-1: Foul Ball, location: 2F
2-2: Ball
3-2: DOUBLE (Groundball, 5L)
Batting: RHB Mike Burns 0-0: Intentional Walk
Pitching: RHP Tom Rosas
Batting: RHB Dave Young 0-0: Called Strike
0-1: Called Strike
0-2: Foul Ball, location: 2F
0-2: Fly out, F8 (Line Drive, 8LM)
Batting: RHB Francisco Torres 0-0: Foul Ball, location: 2F
0-1: Swinging Strike
0-2: Ball
1-2: Strikes out swinging
Batting: RHB Juan García 0-0: Ball
1-0: Ground out 5-3 (Groundball, 5S)
Bottom of the 6th over - 0 run(s), 1 hit(s), 0 error(s), 2 left on base; Lannister United 2 - Huntington Beach 2
TOP OF THE 7TH
Lannister United Lionhearts batting - Pitching for Huntington Beach Surf : RHP Orlando Miranda
Pinch Hitting: LHB John Cossey 0-0: Called Strike
0-1: SINGLE (Flyball, 8RM)
Batting: RHB Eric D'Angle 0-0: Ball
1-0: Swinging Strike
1-1: Ball
2-1: Called Strike
2-2: Fly out, F9 (Flyball, 89M)
Pitching: RHP Robert Bell
Batting: RHB Bob Sargent 0-0: Called Strike
0-1: Ball
1-1: 2-RUN HOME RUN (Flyball, 8LXD), Distance : 444 ft
Batting: RHB Andrew Weeks 0-0: Ball
1-0: Ball
2-0: Foul Ball, location: 2F
2-1: SINGLE (Line Drive, 56)
Batting: RHB Jean Chamissa 0-0: Ball
Andrew Weeks steals 2nd base
1-0: Foul Ball, location: 2F
1-1: Ball
2-1: Ball
3-1: Base on Balls
Pinch Hitting: RHB Jim Unknown 0-0: Ball
1-0: Foul Ball, location: 2F
1-1: Ball
2-1: Ball
3-1: Foul Ball, location: 2F
3-2: SINGLE (Line Drive, 5L)
Andrew Weeks to third
Jean Chamissa to second
Pinch Hitting: RHB Michael Hicks 0-0: Ball
1-0: Called Strike
1-1: Foul Ball, location: 2F
1-2: Foul Ball, location: 2F
1-2: SINGLE (Groundball, 56D) (infield hit)
Andrew Weeks scores
Jean Chamissa to third
Jim Unknown to second
Pitching: RHP Kris Daniel
Batting: RHB Thomas Vaughan 0-0: Foul Ball, location: 2F
0-1: Ball
1-1: Foul Ball, location: 2F
1-2: Strikes out looking
Batting: LHB António Rivera 0-0: Ball
1-0: Foul Ball, location: 2F
1-1: Fly out, F5 (Popup, 5F)
Top of the 7th over - 3 run(s), 5 hit(s), 0 error(s), 3 left on base; Lannister United 5 - Huntington Beach 2
BOTTOM OF THE 7TH
Huntington Beach Surf batting - Pitching for Lannister United Lionhearts : RHP Tom Rosas
Now at SS: Michael Hicks
Now in LF: José Muñóz
Now in RF: John Cossey
Batting: RHB Albert Morales 0-0: Ground out 6-3 (Groundball, 6M)
Batting: RHB Austin Henderson 0-0: Ball
1-0: SINGLE (Flyball, 9LM)
Batting: RHB Henry Appleby 0-0: Called Strike
0-1: Called Strike
0-2: Ball
1-2: Strikes out looking
Batting: LHB Bartolo Benítez 0-0: Ball
Austin Henderson is caught stealing 2nd base
Bottom of the 7th over - 0 run(s), 1 hit(s), 0 error(s), 0 left on base; Lannister United 5 - Huntington Beach 2
TOP OF THE 8TH
Lannister United Lionhearts batting - Pitching for Huntington Beach Surf : RHP Kris Daniel
Batting: LHB John Cossey 0-0: Ball
1-0: Ball
2-0: Ball
3-0: Called Strike
3-1: Base on Balls
Batting: RHB Eric D'Angle 0-0: Swinging Strike
0-1: Ball
1-1: Grounds into double play, 6-4-3 (Groundball, 6)
Batting: RHB Bob Sargent 0-0: Ball
1-0: SINGLE (Flyball, 9LS)
Batting: RHB Andrew Weeks 0-0: Ball
1-0: Ball
2-0: Ball
3-0: Base on Balls
Bob Sargent to second
Batting: RHB Jean Chamissa 0-0: Swinging Strike
0-1: Swinging Strike
0-2: Ball
1-2: Strikes out swinging
Top of the 8th over - 0 run(s), 1 hit(s), 0 error(s), 2 left on base; Lannister United 5 - Huntington Beach 2
BOTTOM OF THE 8TH
Huntington Beach Surf batting - Pitching for Lannister United Lionhearts : RHP Tom Rosas
Pitching: LHP Martin García
Now at C: Adrian Barr
Now at 1B: Cale Beazley
Batting: LHB Bartolo Benítez 0-0: Called Strike
0-1: SINGLE (Groundball, 4MD)
Pitching: LHP Ezio Deodato
Batting: RHB Rafael Abreu 0-0: Foul Ball, location: 2F
0-1: Ball
1-1: DOUBLE (Line Drive, 7LM)
Bartolo Benítez to third
Pitching: RHP Javier Fandez
Batting: RHB Mike Burns 0-0: Ball
1-0: Called Strike
1-1: Ball
2-1: Fly out, F7 (Popup, 7S)
Batting: RHB Dave Young 0-0: Called Strike
0-1: Ball
1-1: Foul Ball, location: 2F
1-2: Strikes out looking
Batting: RHB Francisco Torres 0-0: Ball
1-0: Called Strike
1-1: Foul Ball, location: 2F
1-2: Foul Ball, location: 2F
1-2: Strikes out swinging
Bottom of the 8th over - 0 run(s), 2 hit(s), 0 error(s), 2 left on base; Lannister United 5 - Huntington Beach 2
TOP OF THE 9TH
Lannister United Lionhearts batting - Pitching for Huntington Beach Surf : RHP Kris Daniel
Batting: RHB José Muñóz 0-0: Ball
1-0: Ball
2-0: Ball
3-0: Base on Balls
Batting: RHB Michael Hicks 0-0: Ball
1-0: Foul Ball, location: 2F
1-1: Grounds into double play, 6-4-3 (Groundball, 6)
Batting: RHB Adrian Barr 0-0: Ball
1-0: Foul Ball, location: 2F
1-1: Fly out, F9 (Flyball, 89M)
Top of the 9th over - 0 run(s), 0 hit(s), 0 error(s), 0 left on base; Lannister United 5 - Huntington Beach 2
BOTTOM OF THE 9TH
Huntington Beach Surf batting - Pitching for Lannister United Lionhearts : RHP Javier Fandez
Pitching: RHP Javier Dávila
Batting: RHB Juan García 0-0: Ball
1-0: Ball
2-0: Called Strike
2-1: Fly out, F9 (Flyball, 89D)
Batting: RHB Albert Morales 0-0: Ball
1-0: Foul Ball, location: 2F
1-1: Foul Ball, location: 2F
1-2: Hit by Pitch
Batting: RHB Austin Henderson 0-0: Called Strike
0-1: Ball
1-1: Ball
2-1: Ball
3-1: Grounds into double play, 4-6-3 (Groundball, 4)
Bottom of the 9th over - 0 run(s), 0 hit(s), 0 error(s), 0 left on base; Lannister United 5 - Huntington Beach 2
This league is powered by Out of the Park Baseball, the baseball management simulation game for PC, Mac and Linux
Saturday, July 25th, 2015 - OOTP Baseball 15.6 Build 34